 Dungeon Crawl Stone Soup version 0.22-a0-439-gac93bac (webtiles) character file.

2041849 iamserjio the Slayer (level 27, 146/146 HPs)
             Began as a Vine Stalker Berserker on May 29, 2018.
             Was the Champion of Trog.
             Escaped with the Orb
             ... and 3 runes!
             The game lasted 03:20:33 (47768 turns).

iamserjio the Slayer (Vine Stalker Berserker)      Turns: 47768, Time: 03:20:34

Health: 146/146    AC: 32    Str: 31    XL:     27
Magic:  29/29      EV: 12    Int:  8    God:    Trog [******]
Gold:   2371       SH: 27    Dex: 16    Spells: 26/26 levels left

rFire    + + +     SeeInvis .   F - +9 broad axe (chop)
rCold    + + .     Gourm    .   g - +0 large shield
rNeg     . . .     Faith    .   y - +2 gold dragon scales
rPois    +         Spirit   +   (helmet restricted)
rElec    +         Reflect  +   A - +2 cloak
rCorr    .         Harm     .   V - +1 pair of gloves of Biyst {rPois}
MR       +++..                  n - -2 pair of boots "Aptueppie" {*Contam +Fly rF+ rC+}
Stlth    ..........             W - +4 amulet of reflection
HPRegen  1.14/turn              t - ring "Warohikh" {Int+3 Slay+5}
MPRegen  0.21/turn              j - ring of Wishful Thinking {rElec Stlth-}

@: no status effects
A: antennae 2, fangs 3, dopey 1, fire resistance 1, frail 1, regeneration 2,
shaggy fur 1, magic shield, antimagic bite, no potion heal 3, rot immunity
0: Orb of Zot
}: 3/15 runes: decaying, silver, gossamer
a: Berserk, Trog's Hand, Brothers in Arms, Renounce Religion, Evoke Flight


You escaped.
You worshipped Trog.
Trog was exalted by your worship.
You were very hungry.

You visited 8 branches of the dungeon, and saw 46 of its levels.
You also visited: Labyrinth.

You collected 5270 gold pieces.
You spent 2899 gold pieces at shops.

Inventory:

Hand Weapons
 a - the +14 obsidian axe {chop, +Fly SInv *Curse}
   (You found it on level 5 of the Vaults)

   It inflicts extra damage upon your enemies.
   It lets you see invisible.
   It lets you fly.
   It curses itself when equipped.
 F - a +9 broad axe of chopping (weapon)
Missiles
 m - 9 javelins of penetration (quivered)
 D - 2 throwing nets
Armour
 e - a +2 helmet of intelligence
 g - a +0 large shield (worn)
 n - the -2 pair of boots "Aptueppie" (worn) {*Contam +Fly rF+ rC+}
   (You bought it in a shop on level 5 of the Depths)

   It protects you from fire.
   It protects you from cold.
   It lets you fly.
   It causes magical contamination when unequipped.
 w - +0 fire dragon scales
 y - +2 gold dragon scales (worn)
 A - a +2 cloak (worn)
 V - the +1 pair of gloves of Biyst (worn) {rPois}
   (You found it on level 1 of the Depths)

   It protects you from poison.
Jewellery
 j - the ring of Wishful Thinking (right hand) {rElec Stlth-}
   (You took it off a tengu reaver on level 5 of the Vaults)

   [ring of loudness]

   It insulates you from electricity.
   It makes you less stealthy.
 t - the ring "Warohikh" (left hand) {Int+3 Slay+5}
   (You bought it in a shop on level 7 of the Dungeon)

   [ring of intelligence]

   It affects your intelligence (+3).
   It affects your accuracy and damage with ranged weapons and melee attacks
   (+5).
 x - an uncursed ring of magical power
 J - an uncursed ring of protection from fire
 W - a +4 amulet of reflection (around neck)
Wands
 f - a wand of clouds (11)
 r - a wand of acid (63)
 G - a wand of scattershot (20)
 N - a wand of iceblast (17)
 P - a wand of disintegration (10)
 T - a wand of digging (20)
 U - a wand of enslavement (19)
 X - a wand of paralysis (35)
Scrolls
 h - 13 scrolls of remove curse
 l - 9 scrolls of magic mapping
 q - 7 scrolls of fear
 s - 4 scrolls of teleportation
 z - 6 scrolls of identify
 E - 2 scrolls of summoning
 S - 4 scrolls of blinking
 Y - 5 scrolls of fog
Potions
 b - a potion of cancellation
 d - 3 potions of resistance
 i - 4 potions of haste
 k - 4 potions of might
 o - 4 potions of agility
 u - 15 potions of curing
 B - 4 potions of invisibility
 C - a potion of mutation
 L - 5 potions of ambrosia
 M - 4 potions of magic
Miscellaneous
 p - a lightning rod (4/4)
 v - a phantom mirror
 H - 3 sacks of spiders
 I - a phial of floods
 O - a lamp of fire
 Q - a box of beasts
 Z - a fan of gales
Comestibles
 c - 50 rations


   Skills:
 * Level 22.4 Fighting
 + Level 21.5 Axes
 - Level 20.0 Armour
 - Level 10.2 Dodging
 + Level 17.7 Shields
 - Level 7.0 Evocations


You had 26 spell levels left.
You didn't know any spells.
Your spell library was empty.

Dungeon Overview and Level Annotations

Branches:
Dungeon (15/15)            Temple (0/1) D:7            Lair (6/6) D:10
  Swamp (4/4) Lair:2       Spider (4/4) Lair:3        Slime (0/5) Lair:6
    Orc (2/2) D:10            Elf (0/3) Orc:2        Vaults (5/5) D:13
  Crypt (0/3) Vaults:2     Depths (5/5) D:15            Zot (5/5) Depths:5

Altars:
Ashenzari
Cheibriados
Gozag
Yredelemnul
Lugonu

Shops:
D:7 =   D:10 (   D:14 *   Orc:2 *:%[   Vaults:5 %   Depths:1 *   Depths:4 }[(
Depths:5 *[

Portals:
Hell: Depths:1 Depths:2 Depths:3 Depths:4 Depths:5
Abyss: Depths:2 Depths:4*
Pandemonium: Orc:2 Depths:3 Depths:4
Ziggurat: Depths:5

Annotations:
Swamp:4 Lernaean hydra
Zot:2 1 exclusion


Innate Abilities, Weirdness & Mutations

You have razor-sharp teeth.
You heal very quickly.
When hurt, damage is shared between your health and your magic reserves.
Your bite disrupts and absorbs the magic of your enemies.
Potions cannot restore your health.
You are immune to rotting.
You have a pair of antennae on your head.
You are dopey. (Int -2)
Your flesh is heat resistant. (rF+)
You are frail. (-10% HP)
You are covered in fur. (AC +1)


Message History

Your magical effects are unravelling.
You feel magically purged.
You feel yourself speed up.
Evoke which item? (* to show all) (? for menu, Esc to quit)
Aiming: Dig
Press: ? - help, Shift-Dir - straight line The rock shatters into small pieces.
An Orb Guardian comes into view.
There is a stone staircase leading up here.
You climb upwards.
There is a stone staircase leading down here.
Unknown command.
Unknown command.
Evoke which item? (* to show all) (? for menu, Esc to quit)
Aiming: Dig
Press: ? - help, Shift-Dir - straight line The rock shatters into small pieces.
You recover from your berserk rage.
There is a staircase leading out of the dungeon here.
You have escaped!

.#
#.....#
#......
.#
##....##
#......
.#
#)....#
#......
##
##...##
#######
#..#.#
#######
###..###
#....#.
#......#
#.##.#.
##....##
#.##.#.
#@.#.#>#
#.##...
########
#†#....
#.#..##
#.#....
#.#####
#......
#.#####
#.#....
###.###


There were no monsters in sight!

Vanquished Creatures
  A pandemonium lord (D:3)
  3 ancient liches (Zot:5)
  7 orbs of fire (Zot:5)
  Mara (Vaults:4)
  A juggernaut (Depths:3)
  Boris (Depths:3)
  The ghost of NormalPerson7 the Phalangite, a veteran NaWn of Elyvilon (Depths:2)
  2 Killer Klowns (Zot:5)
  A caustic shrike (Depths:3)
  Nikola (Swamp:1)
  9 golden dragons
  2 bone dragons (Depths:5)
  5 electric golems
  11 tentacled monstrosities
  2 liches
  23 Orb Guardians (Zot:5)
  A titan (Depths:3)
  6 quicksilver dragons
  3 death cobs (Zot:2)
  The ghost of Totori the Fighter, an adept NaGl of Okawaru (Swamp:3)
  4 sphinxes
  Agnes (D:14)
  Kirke (Swamp:3)
  4 thorn hunters
  10 tengu reavers
  9 storm dragons
  3 draconian monks
  11 shadow dragons
  9 draconian knights
  5 fire giants
  An iron dragon (Depths:2)
  4 ghost moths
  A deep elf sorcerer (Depths:2)
  12 frost giants
  Louise (Spider:4)
  11 vault wardens
  An orc warlord (Vaults:5)
  A draconian scorcher (Zot:5)
  8 draconian shifters
  4 draconian stormcallers
  Aizul (Spider:1)
  7 draconian annihilators
  9 emperor scorpions
  A deep elf elementalist (Depths:3)
  15 ironheart preservers
  13 very ugly things
  A blood saint (Zot:2)
  15 stone giants
  2 vampire knights (Depths:5)
  6 green draconians
  3 entropy weavers (Spider:4)
  A deep elf demonologist (Vaults:5)
  6 black draconians
  6 purple draconians
  8 red draconians
  4 deep elf annihilators
  6 white draconians
  8 yellow draconians
  4 dire elephants (Lair:6)
  11 spark wasps
  2 deep elf death magi (Vaults:5)
  A minotaur (Lab)
  Josephine (Orc:2)
  10 ettins
  2 crystal guardians
  4 deep elf high priests
  12 fire dragons
  3 great orbs of eyes
  5 rakshasas
  16 yaktaur captains
  9 ice dragons
  23 vault guards
  29 hydras
  A monstrous demonspawn (Depths:4)
  4 spriggan air magi
  4 catoblepae
  2 ghost crabs (Swamp:4)
  71 two-headed ogres
  6 centaur warriors
  A queen ant (Spider:4)
  An anaconda (Lair:6)
  16 deep troll shamans
  12 alligators
  A death knight (D:15)
  18 ogre magi
  4 hell hogs (Depths:1)
  12 deep troll earth magi
  5 tengu warriors
  3 vampire magi
  5 orc high priests (Orc:2)
  4 death yaks (Lair:6)
  11 spriggans
  3 deep elf knights (Vaults:1)
  3 iron trolls
  2 sun demons
  4 spriggan berserkers
  12 skeletal warriors
  3 small abominations (Vaults:5)
  A fire crab (Lair:4)
  An infernal demonspawn (Orc:2)
  12 hell knights (Depths:2)
  4 unseen horrors
  A shadow wraith (Vaults:1)
  38 deep trolls
  3 flayed ghosts
  A death drake (shapeshifter) (Depths:4)
  A gelid demonspawn (Orc:2)
  5 shambling mangroves
  2 glowing orange brains (Depths:4)
  A torturous demonspawn (Orc:2)
  2 spriggan druids
  11 swamp dragons
  4 necromancers
  10 wizards
  A lindwurm (Lair:5)
  Pikel (D:9)
  A sphinx zombie (Vaults:4)
  10 harpies
  20 ironbrand convokers
  5 phantasmal warriors
  5 deep elf archers
  14 orc knights
  An orb spider (shapeshifter) (Vaults:1)
  8 deep elf magi
  31 wolf spiders
  16 orb spiders
  5 oklob plants
  53 ugly things
  12 orc sorcerers
  A tengu skeleton (Vaults:2)
  7 cyclopes
  An iron dragon skeleton (Vaults:4)
  2 frost giant skeletons
  A manticore (D:8)
  18 moths of wrath
  4 black mambas
  A fire giant skeleton (Vaults:4)
  6 human skeletons (Vaults:2)
  2 stone giant skeletons (Vaults:2)
  11 vault sentinels
  8 centaur zombies
  2 torpor snails
  4 elephants (Lair:6)
  20 spiny frogs
  A black mamba (shapeshifter) (D:13)
  A smoke demon (Zot:5)
  A gargoyle (D:14)
  11 komodo dragons
  2 orange demons
  5 centaur skeletons
  A yaktaur (shapeshifter) (Vaults:1)
  2 rime drakes
  A tormentor (Depths:4)
  30 yaktaurs
  4 tengu conjurers
  13 freezing wraiths
  2 red devils
  16 demonic crawlers
  11 trolls
  The ghost of cultivahabas the Chopper, an amateur MiMo (D:4)
  The ghost of Ratty the Caller, a novice DESu (D:6)
  3 meliai (D:13)
  A polar bear (shapeshifter) (D:13)
  A queen bee (shapeshifter) (Depths:2)
  33 jumping spiders
  20 hornets
  A queen bee (D:8)
  17 blink frogs
  8 tyrant leeches
  A polar bear (Lair:6)
  18 bog bodies
  9 dream sheep
  A fire giant simulacrum (Vaults:1)
  29 slime creatures
  9 hippogriffs
  Sigmund (D:5)
  A vampire (D:9)
  A shadow (D:11)
  4 ynoxinuls
  91 redbacks
  7 water elementals
  A tarantella (shapeshifter) (Vaults:1)
  81 yaks
  37 tarantellas
  10 wraiths
  2 wyverns
  Eustachio (D:5)
  2 hogs (Swamp:3)
  A basilisk (shapeshifter) (D:15)
  3 basilisks
  A hog (shapeshifter) (Vaults:2)
  3 hungry ghosts
  2 chaos spawn
  2 neqoxecs
  Menkaure (D:7)
  16 vampire mosquitoes
  8 wargs
  15 swamp worms
  12 insubstantial wisps
  9 water moccasins
  A floating eye (Depths:5)
  14 swamp drakes
  3 acid dragons
  3 hell hounds (Depths:4)
  5 porcupines
  28 soldier ants
  41 orc warriors
  4 ice beasts
  3 sky beasts
  A slave (D:9)
  A hornet zombie (D:15)
  An eye of draining (D:15)
  A black bear (D:8)
  2 human zombies (Vaults:4)
  42 ogres
  4 phantoms
  10 boggarts
  7 wolves
  17 centaurs
  An elf skeleton (Vaults:2)
  Blork the orc (D:5)
  11 crocodiles
  8 big kobolds
  A glowing shapeshifter simulacrum (Vaults:4)
  A wyvern zombie (D:8)
  17 bullfrogs
  An earth elemental (Lab)
  2 gnoll sergeants (D:10)
  3 scorpions
  3 wyvern skeletons
  29 killer bees
  A water moccasin skeleton (D:7)
  A howler monkey (D:7)
  5 wights (D:15)
  4 electric eels
  A troll skeleton (Lab)
  10 crimson imps
  2 bullfrog zombies
  3 quasits
  A jelly (D:6)
  27 orc priests
  4 hounds
  An iron imp (Depths:2)
  3 bullfrog skeletons
  7 iguanas
  20 orc wizards
  32 worker ants
  A hound zombie (D:9)
  A hound skeleton (D:8)
  A worker ant zombie (D:11)
  11 gnolls
  16 adders
  2 shadow imps
  A white imp (Depths:3)
  2 adder skeletons
  An adder zombie (D:9)
  4 worms
  A worm (shapeshifter) (Vaults:5)
  3 dart slugs
  A leopard gecko (shapeshifter) (Vaults:5)
  6 leopard geckos
  99 orcs
  5 giant cockroaches
  9 goblins
  9 hobgoblins
  9 jackals
  6 quokkas
  3 ball pythons
  4 bats
  4 frilled lizards
  23 kobolds
  A quokka zombie (D:7)
  6 rats
  5 briar patches
  A bush (Lair:3)
  4 crawling corpses
  5 fungi
  5 plants
2206 creatures vanquished.

Vanquished Creatures (collateral kills)
  An orb of fire (Zot:5)
  the Lernaean hydra (Swamp:4)
  A Killer Klown (Zot:5)
  A golden dragon (Vaults:5)
  2 Orb Guardians (Zot:5)
  A titan (Vaults:5)
  A quicksilver dragon (Zot:1)
  A sphinx (Vaults:5)
  Gastronok (Lair:1)
  3 storm dragons (Vaults:5)
  A fire giant (Vaults:5)
  A tengu reaver (Vaults:5)
  An orc warlord (Orc:1)
  An ironheart preserver (Vaults:5)
  A ghoul (Vaults:5)
  A deep elf demonologist (Vaults:5)
  A white draconian (Zot:1)
  2 yellow draconians (Zot:1)
  An ettin (Vaults:5)
  3 vault guards (Vaults:5)
  A death knight (Vaults:5)
  A gelid demonspawn (Orc:2)
  An orb spider (Spider:4)
  A moth of wrath (Zot:1)
  A shining eye (shapeshifter) (Vaults:5)
  Joseph (D:9)
  A rust devil (Orc:1)
  A vault sentinel (Vaults:5)
  A warg (Vaults:5)
  An ogre (Vaults:5)
  An orc priest (Orc:1)
  A crawling corpse (Vaults:5)
38 creatures vanquished.

Vanquished Creatures (others)
  Asterion (Spider:2)
  3 stone giants
  A yellow draconian (Zot:5)
  2 yaktaur captains
  An alligator (Swamp:4)
  A moth of wrath (Zot:5)
  A cyclops (D:14)
  An ice devil (Zot:2)
  5 yaktaurs
  A jumping spider (Spider:4)
  A hippogriff (Lair:6)
  A hog (Swamp:3)
  A swamp worm (Swamp:4)
  A swamp drake (Swamp:4)
  2 slaves (D:9)
  2 boggarts
  3 centaurs
  2 orcs
  A kobold (D:11)
  3 briar patches
  15 fungi
  14 plants
63 creatures vanquished.

Grand Total: 2307 creatures vanquished

Notes
Turn   | Place    | Note
-------+----------+-------------------------------------------
     0 | D:1      | iamserjio the Vine Stalker Berserker began the quest for the Orb.
     0 | D:1      | Reached XP level 1. HP: 11/11 MP: 2/2
   142 | D:1      | Reached XP level 2. HP: 16/16 MP: 3/3
   559 | D:2      | Reached XP level 3. HP: 19/19 MP: 4/4
   560 | D:2      | Reached skill level 3 in Fighting
   873 | D:2      | Reached ** piety under Trog
  1228 | D:2      | Gained mutation: Your natural rate of healing is unusually fast. [Vine Stalker growth]
  1228 | D:2      | Reached XP level 4. HP: 12/24 MP: 2/5
  1394 | D:3      | Reached XP level 5. HP: 28/28 MP: 3/6
  2115 | D:4      | Noticed cultivahabas's ghost (amateur MiMo)
  2127 | D:4      | Killed cultivahabas's ghost
  2127 | D:4      | Reached skill level 4 in Fighting
  2127 | D:4      | Reached skill level 5 in Axes
  2127 | D:4      | Reached XP level 6. HP: 31/33 MP: 7/7
  2245 | D:4      | Reached XP level 7. HP: 37/37 MP: 8/8
  2249 | D:4      | Reached *** piety under Trog
  2975 | D:5      | Entered Level 5 of the Dungeon
  3091 | D:5      | Reached **** piety under Trog
  3095 | D:5      | Gained mutation: You have razor-sharp teeth. [Vine Stalker growth]
  3095 | D:5      | Reached XP level 8. HP: 31/42 MP: 9/9
  3138 | D:5      | Noticed Blork the orc
  3151 | D:5      | Killed Blork the orc
  3247 | D:5      | Noticed Sigmund
  3256 | D:5      | Noticed Eustachio
  3266 | D:5      | Killed Eustachio
  3266 | D:5      | Reached skill level 5 in Fighting
  3270 | D:5      | Killed Sigmund
  3319 | D:5      | Reached XP level 9. HP: 36/48 MP: 8/10
  3366 | D:5      | Reached skill level 5 in Armour
  3704 | D:6      | Noticed Ratty's ghost (novice DESu)
  3717 | D:6      | Reached skill level 6 in Fighting
  3723 | D:6      | Killed Ratty's ghost
  3887 | D:6      | Reached ***** piety under Trog
  4484 | D:7      | Found Weutseot's Jewellery Shoppe.
  4500 | D:7      | Bought an uncursed ring of magical power for 240 gold pieces
  4526 | D:7      | Found a staircase to the Ecumenical Temple.
  4569 | D:7      | Reached XP level 10. HP: 41/53 MP: 11/11
  4625 | D:7      | Received a gift from Trog
  4707 | D:7      | Reached skill level 7 in Fighting
  4841 | D:7      | Noticed Menkaure
  4867 | D:7      | Killed Menkaure
  5314 | D:8      | Reached skill level 10 in Axes
  5587 | D:8      | Noticed a manticore
  5604 | D:8      | Killed a manticore
  5673 | D:8      | Noticed a catoblepas
  5681 | D:8      | Killed a catoblepas
  5727 | D:8      | Got a fine scale mail
  5739 | D:8      | Identified the cursed +0 scale mail of the Eternal Void {+Inv rC++} (You found it on level 8 of the Dungeon)
  5757 | D:8      | Noticed a two-headed ogre
  5762 | D:8      | Killed a two-headed ogre
  5762 | D:8      | Reached skill level 8 in Fighting
  5762 | D:8      | Reached skill level 1 in Evocations
  5762 | D:8      | Reached XP level 11. HP: 60/60 MP: 12/12
  5802 | D:8      | Noticed a two-headed ogre
  5810 | D:8      | Killed a two-headed ogre
  5866 | D:8      | Noticed a two-headed ogre
  5866 | D:8      | Noticed a two-headed ogre
  5878 | D:8      | Killed a two-headed ogre
  5881 | D:8      | Killed a two-headed ogre
  6086 | D:9      | Noticed a two-headed ogre
  6091 | D:9      | Killed a two-headed ogre
  6292 | D:9      | Found a shattered altar of Ashenzari.
  6546 | D:9      | Noticed Pikel
  6560 | D:9      | Killed Pikel
  6591 | D:9      | Noticed Joseph
  6618 | D:9      | Noticed a two-headed ogre
  6747 | D:9      | Noticed a two-headed ogre
  6752 | D:9      | Killed a two-headed ogre
  6894 | D:9      | Killed a two-headed ogre
  7155 | D:9      | Killed Joseph
  7223 | D:10     | Entered Level 10 of the Dungeon
  7229 | D:10     | Reached skill level 9 in Fighting
  7229 | D:10     | Gained mutation: You heal very quickly. [Vine Stalker growth]
  7229 | D:10     | Reached XP level 12. HP: 58/66 MP: 15/15
  7373 | D:10     | Found Nigenger's Weapon Emporium.
  7374 | D:10     | Found a staircase to the Lair.
  7408 | D:10     | Noticed a two-headed ogre
  7409 | D:10     | Found an opulent altar of Gozag.
  7412 | D:10     | Killed a two-headed ogre
  7981 | D:10     | Found a staircase to the Orcish Mines.
  7989 | D:10     | Received a gift from Trog
  8311 | Orc:1    | Entered Level 1 of the Orcish Mines
  8353 | Orc:1    | Reached skill level 1 in Shields
  8479 | Orc:1    | Noticed an ettin
  8487 | Orc:1    | Killed an ettin
  8912 | Orc:2    | Entered Level 2 of the Orcish Mines
  8912 | Orc:2    | Noticed an orc warlord
  9006 | Orc:2    | Reached skill level 5 in Evocations
  9017 | Orc:2    | Found a labyrinth entrance.
  9031 | Orc:2    | Found a staircase to the Elven Halls.
  9033 | Lab      | Entered a labyrinth
  9620 | Lab      | Noticed a minotaur
  9636 | Lab      | Killed a minotaur
  9638 | Lab      | Got a vibrating golden ring
  9669 | Lab      | Identified the ring "Kuwk" {rN+ EV+1} (You took it off a minotaur in a labyrinth)
  9792 | Orc:1    | Killed an orc warlord
  9792 | Orc:1    | Reached XP level 13. HP: 23/71 MP: 7/17
 10327 | Orc:2    | Found Kamymeam's Food Boutique.
 10328 | Orc:2    | Found Vintatuf's General Store.
 10471 | Orc:2    | Noticed Josephine
 10492 | Orc:2    | Killed Josephine
 10525 | Orc:2    | Reached skill level 10 in Fighting
 10736 | Orc:2    | Reached skill level 5 in Shields
 10979 | Orc:2    | Found Voshrov's Book Shoppe.
 10979 | Orc:2    | Found Orrall's Antique Armour Emporium.
 10981 | Orc:2    | Found a one-way gate leading to the halls of Pandemonium.
 11015 | Orc:2    | Bought a warped chain mail for 370 gold pieces
 11025 | Orc:2    | Identified the +3 chain mail of Life {+Blink Str+4 Slay+2 Stlth-} (You bought it in a shop on level 2 of the Orcish Mines)
 11027 | Orc:2    | Bought a shield for 175 gold pieces
 11027 | Orc:2    | Bought a hat for 156 gold pieces
 11043 | Orc:2    | Bought a twisted scale mail for 351 gold pieces
 11053 | Orc:2    | Identified the +2 scale mail of the Turtledove {Int-5 Dex+3 Stlth+} (You bought it in a shop on level 2 of the Orcish Mines)
 11191 | Lair:1   | Entered Level 1 of the Lair of Beasts
 11239 | Lair:1   | Received a gift from Trog
 11244 | Lair:1   | Reached XP level 14. HP: 77/77 MP: 18/18
 11543 | Lair:1   | Noticed Gastronok
 11552 | Lair:1   | Killed Gastronok
 12125 | Lair:2   | Found a staircase to the Swamp.
 12766 | Lair:3   | Reached skill level 10 in Armour
 12896 | Lair:3   | Reached skill level 11 in Fighting
 12921 | Lair:3   | Found a hole to the Spider Nest.
 14872 | Lair:5   | Reached XP level 15. HP: 83/83 MP: 19/19
 15389 | Lair:6   | Entered Level 6 of the Lair of Beasts
 15626 | Lair:6   | Reached skill level 15 in Axes
 16333 | Lair:6   | Reached skill level 12 in Fighting
 16649 | Lair:6   | Found a staircase to the Slime Pits.
 16825 | Swamp:1  | Entered Level 1 of the Swamp
 16858 | Swamp:1  | Reached ****** piety under Trog
 17092 | Swamp:1  | Noticed Nikola
 17111 | Swamp:1  | Killed Nikola
 17166 | Swamp:1  | Found a transporter.
 17402 | Swamp:1  | Got a pair of ichor-stained gloves
 17459 | Swamp:1  | Reached XP level 16. HP: 90/90 MP: 20/20
 17583 | Swamp:1  | Found a transporter.
 17674 | Swamp:1  | Identified the +0 pair of gloves "Vyican" {rC++ Dex-5} (You found it on level 1 of the Swamp)
 17770 | Swamp:2  | Noticed a thorn hunter
 17781 | Swamp:2  | Killed a thorn hunter
 18301 | Swamp:3  | Noticed Kirke
 18316 | Swamp:3  | Killed Kirke
 18379 | Swamp:3  | Noticed Totori's ghost (adept NaGl)
 18403 | Swamp:3  | Killed Totori's ghost
 18729 | Swamp:3  | Received a gift from Trog
 18993 | Swamp:3  | Noticed a thorn hunter
 19010 | Swamp:3  | Killed a thorn hunter
 19034 | Swamp:3  | Reached skill level 10 in Shields
 19163 | Swamp:3  | Noticed a thorn hunter
 19177 | Swamp:3  | Killed a thorn hunter
 19268 | Swamp:3  | Paralysed by a hornet for 3 turns
 19474 | Swamp:4  | Entered Level 4 of the Swamp
 19557 | Swamp:4  | Noticed a thorn hunter
 19575 | Swamp:4  | Killed a thorn hunter
 19575 | Swamp:4  | Reached skill level 13 in Fighting
 19808 | Swamp:3  | Reached XP level 17. HP: 82/95 MP: 22/22
 20395 | Swamp:4  | Noticed the 27-headed Lernaean hydra
 20397 | Swamp:4  | Killed the 27-headed Lernaean hydra
 20413 | Swamp:4  | Got a decaying rune of Zot
 20649 | Swamp:3  | Received a gift from Trog
 20722 | Swamp:1  | Paralysed by the power of Zot for 3 turns
 20886 | Swamp:1  | Got a warped marble ring
 20894 | Swamp:1  | Got a coiled silver ring
 21022 | Spider:1 | Entered Level 1 of the Spider Nest
 21024 | Spider:1 | Identified the cursed ring "Fituataf" {Int+4 Dex-2} (You found it on level 1 of the Swamp)
 21026 | Spider:1 | Identified the ring of Wiqoblua {rC+ Stlth+} (You found it on level 1 of the Swamp)
 21898 | Spider:2 | Received a gift from Trog
 21907 | Spider:2 | Noticed Aizul
 21997 | Spider:1 | Killed Aizul
 22034 | Spider:2 | Noticed Asterion
 22053 | Spider:2 | Killed Asterion
 22222 | Spider:2 | Received a gift from Trog
 22593 | Spider:3 | Reached XP level 18. HP: 101/101 MP: 24/24
 23641 | Spider:4 | Entered Level 4 of the Spider Nest
 23668 | Spider:4 | Received a gift from Trog
 23711 | Spider:4 | Noticed Louise
 23774 | Spider:4 | Killed Louise
 23838 | Spider:4 | Reached skill level 14 in Fighting
 24525 | Spider:4 | Received a gift from Trog
 24548 | Spider:4 | Got a gossamer rune of Zot
 24920 | Spider:4 | Reached XP level 19. HP: 107/107 MP: 25/25
 25206 | D:7      | Bought the ring "Warohikh" {Int+3 Slay+5} for 524 gold pieces
 25821 | D:11     | Received a gift from Trog
 26402 | D:12     | Found a snail-covered altar of Cheibriados.
 26950 | D:12     | Got an encrusted whip
 26951 | D:12     | Identified the +1 whip of Irritation {protect, *Corrode rC+ SInv} (You found it on level 12 of the Dungeon)
 27693 | D:13     | Found a gate to the Vaults.
 27762 | D:13     | Received a gift from Trog
 28002 | D:14     | Found Vapuiske's Assorted Antiques.
 28011 | D:14     | Bought a sharpened lead wand for 104 gold pieces
 28011 | D:14     | Bought a potion of curing for 78 gold pieces
 28011 | D:14     | Bought a translucent zirconium amulet for 130 gold pieces
 28014 | D:14     | Bought a scroll of identify for 52 gold pieces
 28014 | D:14     | Identified the amulet "Voppuph" {Harm *Drain rN+ SInv} (You bought it in a shop on level 14 of the Dungeon)
 28015 | D:14     | Bought a runed helmet for 195 gold pieces
 28116 | D:14     | Noticed Agnes
 28124 | D:14     | Killed Agnes
 28858 | D:15     | Entered Level 15 of the Dungeon
 28893 | D:15     | Identified Sif Muna's Collected Works on Displacement and Good Luck
 29161 | D:15     | Found a staircase to the Depths.
 29204 | D:15     | Found a basalt altar of Yredelemnul.
 29568 | Depths:1 | Entered Level 1 of the Depths
 29598 | Depths:1 | Reached skill level 15 in Fighting
 29818 | Depths:1 | Received a gift from Trog
 29839 | Depths:1 | Found a runed door.
 29939 | Depths:1 | Found Voniq's Assorted Antiques.
 29944 | Depths:1 | Bought a scroll of fog for 56 gold pieces
 29944 | Depths:1 | Bought a pink potion for 25 gold pieces
 29944 | Depths:1 | Bought a scroll of identify for 56 gold pieces
 30113 | Depths:1 | Noticed a lich
 30117 | Depths:1 | Noticed a lich
 30431 | Depths:1 | Found a gateway to Hell.
 30572 | Depths:1 | Received a gift from Trog
 30628 | Depths:1 | Reached XP level 20. HP: 63/113 MP: 21/26
 31047 | Depths:2 | Found a one-way gate to the infinite horrors of the Abyss.
 31071 | Depths:2 | Reached skill level 15 in Armour
 31208 | Depths:2 | Found the +6 shillelagh "Devastator" {shatter}
 31295 | Depths:2 | Received a gift from Trog
 31505 | Depths:2 | Noticed NormalPerson7's ghost (veteran NaWn)
 31521 | Depths:2 | Killed NormalPerson7's ghost
 31849 | Depths:2 | Received a gift from Trog
 31982 | Depths:2 | Reached skill level 16 in Fighting
 32383 | Depths:3 | Noticed a caustic shrike
 32389 | Depths:3 | Noticed a golden dragon
 32391 | Depths:3 | Killed a caustic shrike
 32391 | Depths:3 | Noticed a juggernaut
 32396 | Depths:3 | Reached XP level 21. HP: 119/119 MP: 27/27
 32567 | Depths:3 | Killed a juggernaut
 32582 | Depths:3 | Killed a golden dragon
 32928 | Vaults:1 | Entered Level 1 of the Vaults
 32935 | Vaults:1 | Received a gift from Trog
 33283 | Vaults:1 | Received a gift from Trog
 34037 | Vaults:1 | Reached skill level 17 in Fighting
 34123 | Vaults:1 | Received a gift from Trog
 34851 | Vaults:2 | Reached XP level 22. HP: 87/127 MP: 11/28
 35228 | Vaults:2 | Received a gift from Trog
 35307 | Vaults:2 | Found a staircase to the Crypt.
 35965 | Vaults:3 | Received a gift from Trog
 36385 | Vaults:3 | Reached skill level 5 in Dodging
 37294 | Vaults:4 | Noticed Mara
 37574 | Vaults:4 | Received a gift from Trog
 37588 | Vaults:4 | Noticed iamserjio's illusion
 37648 | Vaults:4 | Reached skill level 18 in Fighting
 37920 | Vaults:4 | Reached XP level 23. HP: 133/133 MP: 12/29
 37962 | Vaults:4 | Noticed iamserjio's illusion
 37968 | Vaults:4 | Killed Mara
 38823 | Depths:1 | Identified the +1 pair of gloves of Biyst {rPois} (You found it on level 1 of the Depths)
 39164 | Vaults:5 | Entered Level 5 of the Vaults
 39166 | Vaults:5 | Found the cursed +14 obsidian axe {chop, +Fly SInv *Curse}
 39241 | Vaults:5 | Got a silver rune of Zot
 39374 | Vaults:5 | Received a gift from Trog
 39640 | Vaults:5 | Got an ichor-stained plate armour
 39664 | Vaults:5 | Identified the +2 plate armour of Kindness {rC++} (You found it on level 5 of the Vaults)
 40002 | Vaults:5 | Received a gift from Trog
 40075 | Vaults:5 | Noticed a golden dragon
 40077 | Vaults:5 | Reached skill level 15 in Shields
 40088 | Vaults:5 | Killed a golden dragon
 40092 | Vaults:5 | Noticed a golden dragon
 40100 | Vaults:5 | Killed a golden dragon
 40108 | Vaults:5 | Reached XP level 24. HP: 80/140 MP: 9/29
 40412 | Vaults:5 | Reached skill level 19 in Fighting
 40436 | Vaults:5 | Identified the ring of Wishful Thinking {rElec Stlth-} (You took it off a tengu reaver on level 5 of the Vaults)
 40461 | Vaults:5 | Found Ygreh's Food Shop.
 40469 | Vaults:5 | Found the ancient robe
 40909 | D:14     | Bought a scroll of enchant armour for 195 gold pieces
 41076 | Depths:3 | Received a gift from Trog
 41641 | Depths:4 | Noticed Boris
 41664 | Depths:3 | Killed Boris
 41913 | Depths:4 | Found Piarroax's Gadget Emporium.
 41915 | Depths:4 | Found Dipew's Antique Armour Shoppe.
 41920 | Depths:4 | Found Zial's Antique Weapon Emporium.
 42272 | Depths:4 | Found a corrupted altar of Lugonu.
 42387 | Depths:4 | Received a gift from Trog
 42596 | Depths:5 | Entered Level 5 of the Depths
 42798 | Depths:5 | Found a gateway to a ziggurat.
 42850 | Depths:5 | Reached XP level 25. HP: 145/145 MP: 29/29
 42913 | Depths:5 | Received a gift from Trog
 43467 | Depths:5 | Paralysed by a floating eye for 4 turns
 43818 | Depths:5 | Found Atijipn's Armour Emporium.
 43822 | Depths:5 | Bought the -2 pair of boots "Aptueppie" {*Contam +Fly rF+ rC+} for 192 gold pieces
 43835 | Depths:5 | Found Saanueg's General Store.
 43948 | Depths:5 | Found a gate to the Realm of Zot.
 44057 | Zot:1    | Entered Level 1 of the Realm of Zot
 44119 | Zot:1    | Reached skill level 20 in Fighting
 44466 | Zot:1    | Received a gift from Trog
 44724 | Zot:2    | Reached XP level 26. HP: 117/152 MP: 29/29
 45405 | Zot:2    | Received a gift from Trog
 45722 | Zot:3    | Reached skill level 10 in Dodging
 45765 | Zot:5    | Entered Level 5 of the Realm of Zot
 45885 | Zot:5    | Noticed an ancient lich
 45898 | Zot:5    | Killed an ancient lich
 46147 | Zot:5    | Noticed an orb of fire
 46166 | Zot:5    | Gained mutation: You are partially covered in molten scales. (AC +2) [an orb of fire]
 46167 | Zot:5    | Killed an orb of fire
 46167 | Zot:5    | Reached skill level 21 in Fighting
 46259 | Zot:5    | Noticed an ancient lich
 46290 | Zot:5    | Killed an ancient lich
 46325 | Zot:5    | Reached XP level 27. HP: 152/159 MP: 28/29
 46330 | Zot:5    | Noticed an orb of fire
 46347 | Zot:5    | Killed an orb of fire
 46354 | Zot:5    | Noticed an orb of fire
 46365 | Zot:5    | Noticed an orb of fire
 46377 | Zot:5    | Killed an orb of fire
 46377 | Zot:5    | Gained mutation: You are clumsy. (Dex -2) [an orb of fire]
 46383 | Zot:5    | Gained mutation: You occasionally shout uncontrollably at your foes. [an orb of fire]
 46384 | Zot:5    | Gained mutation: You are very clumsy. (Dex -4) [an orb of fire]
 46388 | Zot:5    | Noticed an ancient lich
 46391 | Zot:5    | Killed an orb of fire
 46400 | Zot:5    | Killed an ancient lich
 46586 | Zot:5    | Noticed an orb of fire
 46623 | Zot:5    | Gained mutation: Your magical capacity is low. (-10% MP) [mutagenic glow]
 46641 | Zot:5    | Gained mutation: You are dopey. (Int -2) [an orb of fire]
 46652 | Zot:5    | Killed an orb of fire
 46652 | Zot:5    | Received a gift from Trog
 46671 | Zot:5    | Reached skill level 22 in Fighting
 46828 | Zot:5    | Noticed an orb of fire
 46835 | Zot:5    | Gained mutation: Your magical capacity is very low. (-20% MP) [an orb of fire]
 46838 | Zot:5    | Killed an orb of fire
 46843 | Zot:5    | Noticed an orb of fire
 46852 | Zot:5    | Killed an orb of fire
 46987 | Zot:5    | Noticed an orb of fire
 46998 | Zot:5    | Gained mutation: You are frail. (-10% HP) [an orb of fire]
 47004 | Zot:5    | Killed an orb of fire
 47080 | Zot:5    | Lost mutation: You are very clumsy. (Dex -4) [potion of mutation]
 47080 | Zot:5    | Lost mutation: You are clumsy. (Dex -2) [potion of mutation]
 47080 | Zot:5    | Lost mutation: Your magical capacity is very low. (-20% MP) [potion of mutation]
 47080 | Zot:5    | Lost mutation: Your magical capacity is low. (-10% MP) [potion of mutation]
 47080 | Zot:5    | Gained mutation: You have a pair of small horns on your head. [potion of mutation]
 47081 | Zot:5    | Lost mutation: You are partially covered in molten scales. (AC +2) [potion of mutation]
 47081 | Zot:5    | Lost mutation: You have a pair of small horns on your head. [potion of mutation]
 47081 | Zot:5    | Lost mutation: You occasionally shout uncontrollably at your foes. [potion of mutation]
 47081 | Zot:5    | Gained mutation: You have a pair of small antennae on your head. [potion of mutation]
 47081 | Zot:5    | Gained mutation: You have a pair of antennae on your head. [potion of mutation]
 47081 | Zot:5    | Gained mutation: You are covered in fur. (AC +1) [potion of mutation]
 47081 | Zot:5    | Gained mutation: Your flesh is heat resistant. (rF+) [potion of mutation]
 47124 | Zot:5    | Got the Orb of Zot
 47690 | D:3      | Noticed Qifekena the pandemonium lord
 47712 | D:3      | Killed Qifekena the pandemonium lord
 47768 | D:$      | Escaped with the Orb!

Vault maps used:
D:1:      minmay_arrival_jagged
D:2:      first_ration, kennysheep_generic_room_2
D:3:      minivault_24
D:4:      cheibrodos_greedy_goblins, solitary_fountain
D:5:      nicolae_underground_beach, uniq_eustachio, uniq_blork_the_orc,
          uniq_sigmund
D:7:      minmay_temple_entry_grid, serial_curves, eino_curves_02,
          eino_curves_03, serial_shops, shop_statue, serial_bayou_crossing,
          uniq_menkaure
D:8:      minmay_bloctagon_deflated, david_nohive_1, minmay_misc_feat_cross
D:9:      evilmike_ruin_ashenzari, uniq_joseph, uniq_pikel
D:10:     lair_entry_dummy, kennysheep_orc_monster_closet_entryway,
          serial_shops, shop, basic_altar
D:11:     kennysheep_generic_room_4
D:12:     basic_altar, minmay_radiant
D:13:     hangedman_vaults_entry_quadrant_bands
D:14:     hangedman_arrow_trap, serial_shops, shop_statue, uniq_agnes
D:15:     hangedman_depths_entry_civil_slaughter, basic_altar,
          minmay_misc_feat_pillars, minivault_26
Lair:1:   serial_bayou_shore_b, grunt_megastairs_5, minmay_lair_oklob_chamber,
          lemuel_fruit_tree, uniq_gastronok
Lair:2:   swamp_mist
Lair:3:   spider_nest_entry_web_field, serial_bayou_lagoon_a,
          minmay_lair_oklob_bushes
Lair:5:   st_stairs_12, grunt_megastairs_1
Lair:6:   due_jungle_book, minmay_slime_entry_oklob_enclosed
Swamp:1:  gammafunk_its_a_trap, evilmike_swamp_ruin_rubble_2, uniq_nikola
Swamp:2:  nicolae_swamp_rocky_clearing, swamp_pool1
Swamp:3:  evilmike_swamp_ruin_house_5, uniq_kirke
Swamp:4:  grunt_swamp_rune_castle, swamp_pool3
Spider:2: uniq_aizul, uniq_asterion
Spider:3: guppyfry_hornet_nest
Spider:4: grunt_spider_rune_circles, minivault_29, uniq_louise
Orc:1:    nicolae_orc_lava_room
Orc:2:    pf_orc_diabolical, lab_entry_generic, uniq_josephine
Vaults:1: nicolae_vaults_ring_of_whatevers, v_pattern_5,
          vaults_room_glass_cross, vaults_dpeg_ring, hangedman_vaults_impose,
          ontoclasm_vaults_ligature, v_alt_pattern_5, hangedman_vaults_impose,
          nicolae_vaults_rhombus_6, vaults_mumra_minichess_inversion,
          vaults_standard_mumra_enter_the_diamond, ontoclasm_vaults_ring_small,
          v_rooms_6, vaults_room_pools, vaults_room_door_ring,
          ontoclasm_vaults_spin
Vaults:2: minmay_crypt_entry_skeletal_spiral, ontoclasm_vaults_echo, v_misc_28,
          nicolae_vaults_little_squares_1, v_misc_16,
          nicolae_vaults_network_quinsquares, vaults_room_stairs_pillars,
          grunt_vaults_twisty
Vaults:3: vaults_room_corners, nicolae_vaults_network_periphery, st_cells,
          vaults_standard_mumra_enter_the_diamond, hangedman_vaults_maws,
          hangedman_vaults_river_flow, ontoclasm_vaults_ring_small,
          nicolae_vaults_asterisk
Vaults:4: vaults_room_hallway, nicolae_vaults_hallways_thing, v_misc_32,
          vaults_room_door_hall, grunt_vaults_hallway_short,
          ontoclasm_vaults_misaligned, v_rooms_1, vaults_dpeg_diagonal,
          nicolae_vaults_little_squares_4, nicolae_vaults_mini_display_case,
          v_misc_10, v_pattern_2, ontoclasm_vaults_ring_small, uniq_mara
Depths:1: serial_shops, nicolae_shop_temple_entry_statues_fountains,
          hangedman_tar_grid_catacomb, grunt_decor_cap,
          kennysheep_treasure_room, roderic_lattice_octagonal_star
Depths:2: minmay_roctagon, pf_hell_entry_great_geh,
          nicolae_abyss_entry_one_way_or_another, kilobyte_mutagenic_chamber
Depths:3: minmay_crescents, pan_entry, minmay_misc_feat_four_crosses,
          hangedman_coc_ice_floe, serial_bayou_shore_a
Depths:4: due_chaos_kobolds, hell_entry, rand_demon_pan_entry_3,
          hangedman_decor_clover_reticule, abyss_entry, minmay_shop_star,
          uniq_boris
Depths:5: grunt_zot_entry_alcove, enter_ziggurat_b, minmay_misc_feat_tower,
          hell_entry, minmay_shoptagon, serial_bayou_shore_b
Zot:2:    st_single_dragon_hoard_1, st_stairs_9, zot_minivault_1
Zot:3:    minmay_elemental_castle, st_large_dragon_hoard_2
Lab:      nicolae_lab_dead_adventurers, labyrinth_glass_1,
          nicolae_lab_big_swirl, labyrinth_skeletal_remains,
          labyrinth_fake_exit, nicolae_lab_dead_end, nicolae_lab_t_cross,
          nicolae_lab_quarters, nicolae_lab_lava

Skill      XL: |  1  2  3  4  5  6  7  8  9 10 11 12 13 14 15 16 17 18 19 20 21 22 23 24 25 26 27 |
---------------+----------------------------------------------------------------------------------+-----
Axes           | 3 4 5 6 7 9 11 12 13 14 15 16 17 18 19 20 21 | 21.5
Armour         | 2 3 4 6 7 8 9 10 11 12 13 14 15 16 17 18 19 20 | 20.0
Fighting       | 3 4 5 6 8 9 10 11 12 13 14 15 16 17 18 19 20 21 22 | 22.4
Evocations     | 1 3 5 6 7 |  7.0
Shields        | 3 5 7 9 10 11 12 13 14 15 16 17 | 17.7
Dodging        | 3 5 7 8 9 10 | 10.2

Action                   |  1- 3 |  4- 6 |  7- 9 | 10-12 | 13-15 | 16-18 | 19-21 | 22-24 | 25-27 || total
-------------------------+-------+-------+-------+-------+-------+-------+-------+-------+-------++-------
Melee: Hand axe          |    93 |    88 |   284 |       |       |       |       |       |       ||   465
       Bite              |    17 |    23 |   102 |   169 |   369 |   514 |   504 |   541 |   395 ||  2634
       War axe           |       |       |    26 |   456 |   844 |   570 |    16 |       |       ||  1912
       Broad axe         |       |       |       |       |       |   772 |  1032 |  1041 |   837 ||  3682
Invok: Berserk           |     1 |     4 |     8 |    24 |    23 |    27 |    17 |    13 |    12 ||   129
       Trog's Hand       |       |       |     2 |     6 |     6 |     5 |     8 |    17 |     3 ||    47
       Brothers in Arms  |       |       |       |     4 |     4 |     2 |     1 |     6 |     1 ||    18
 Abil: Evoke Invisibilit |       |       |       |       |     1 |       |       |       |       ||     1
Evoke: Wand              |       |       |       |       |     3 |     6 |       |       |     5 ||    14
       Phantom mirror    |       |       |       |       |       |     1 |       |       |       ||     1
       Lightning rod     |       |       |       |       |       |     8 |       |       |       ||     8
       Lamp of fire      |       |       |       |       |       |     1 |     1 |       |     1 ||     3
  Use: Potion            |       |       |     3 |       |     2 |     4 |     2 |     2 |     4 ||    17
       Scroll            |       |       |     9 |    15 |    11 |    17 |    12 |    26 |    13 ||   103
 Stab: Sleeping          |     1 |       |       |       |       |       |       |       |       ||     1
       Distracted        |       |       |       |     1 |       |     1 |     3 |     5 |     2 ||    12
       Petrified         |       |       |       |       |     1 |       |       |       |       ||     1
       Invisible         |       |       |       |       |     2 |     1 |       |     8 |       ||    11
       Confused          |       |       |       |       |       |     1 |     1 |       |       ||     2
  Eat: Chunk             |       |     8 |    17 |    25 |    42 |    19 |    34 |    16 |     9 ||   170
       Ration            |       |       |       |     5 |     3 |    10 |     5 |     9 |     6 ||    38
Armor: Chain mail        |    55 |    44 |    82 |       |   187 |       |   248 |   176 |       ||   792
       Animal skin       |     1 |       |       |       |       |       |       |       |       ||     1
       Plate armour      |       |       |   107 |   311 |   118 |   811 |     1 |       |       ||  1348
       Gold dragon scale |       |       |       |       |       |       |       |   149 |   339 ||   488
Dodge: Dodged            |    46 |    32 |   116 |   191 |   226 |   333 |   143 |   155 |   166 ||  1408
Block: Buckler           |       |       |       |    11 |    34 |       |       |       |       ||    45
       Shield            |       |       |       |       |   332 |   887 |       |       |       ||  1219
       Reflection        |       |       |       |       |       |    10 |    88 |    79 |    18 ||   195
       Large shield      |       |       |       |       |       |   396 |   902 |   982 |   795 ||  3075

Table legend:
 A = Spawn XP
 B = Non-spawn XP
 C = Spawn XP percentage of total XP
 D = Spawn monster count
 E = Non-spawn monster count
 F = Spawn count percentage of total count
 G = Total turns spent on level
                    A         B        C        D         E        F      G
               +---------+---------+-------+---------+---------+-------+---------
         Total |       0 | 1404244 |   0.0 |       0 |    2225 |   0.0 | 47768
               +---------+---------+-------+---------+---------+-------+---------
           D:1 |       0 |      31 |   0.0 |       0 |      17 |   0.0 |   591
           D:2 |       0 |      60 |   0.0 |       0 |      15 |   0.0 |   836
           D:3 |       0 |     149 |   0.0 |       0 |      25 |   0.0 |   730
           D:4 |       0 |     542 |   0.0 |       0 |      30 |   0.0 |   910
           D:5 |       0 |    1824 |   0.0 |       0 |      39 |   0.0 |   600
           D:6 |       0 |    1036 |   0.0 |       0 |      18 |   0.0 |   736
           D:7 |       0 |    1988 |   0.0 |       0 |      36 |   0.0 |  1175
           D:8 |       0 |    7683 |   0.0 |       0 |      50 |   0.0 |   918
           D:9 |       0 |    4754 |   0.0 |       0 |      33 |   0.0 |  1021
          D:10 |       0 |    5043 |   0.0 |       0 |      41 |   0.0 |  1230
          D:11 |       0 |    4563 |   0.0 |       0 |      33 |   0.0 |  1074
          D:12 |       0 |    6195 |   0.0 |       0 |      29 |   0.0 |   784
          D:13 |       0 |   14522 |   0.0 |       0 |      63 |   0.0 |  1154
          D:14 |       0 |   16515 |   0.0 |       0 |      32 |   0.0 |   903
          D:15 |       0 |   13274 |   0.0 |       0 |      38 |   0.0 |   921
        Lair:1 |       0 |    9868 |   0.0 |       0 |      43 |   0.0 |   854
        Lair:2 |       0 |    3707 |   0.0 |       0 |      11 |   0.0 |   791
        Lair:3 |       0 |    9654 |   0.0 |       0 |      35 |   0.0 |  1329
        Lair:4 |       0 |    7703 |   0.0 |       0 |      27 |   0.0 |   601
        Lair:5 |       0 |    4880 |   0.0 |       0 |      19 |   0.0 |   833
        Lair:6 |       0 |   22785 |   0.0 |       0 |      45 |   0.0 |  1360
       Swamp:1 |       0 |   24025 |   0.0 |       0 |      48 |   0.0 |  1139
       Swamp:2 |       0 |   10055 |   0.0 |       0 |      24 |   0.0 |   669
       Swamp:3 |       0 |   32406 |   0.0 |       0 |      64 |   0.0 |  1377
       Swamp:4 |       0 |   29986 |   0.0 |       0 |      57 |   0.0 |   952
      Spider:1 |       0 |   22751 |   0.0 |       0 |      65 |   0.0 |   989
      Spider:2 |       0 |   13851 |   0.0 |       0 |      38 |   0.0 |   610
      Spider:3 |       0 |   18719 |   0.0 |       0 |      53 |   0.0 |  1107
      Spider:4 |       0 |   55139 |   0.0 |       0 |     145 |   0.0 |  1311
         Orc:1 |       0 |    5538 |   0.0 |       0 |      27 |   0.0 |   958
         Orc:2 |       0 |   22361 |   0.0 |       0 |     100 |   0.0 |  1179
      Vaults:1 |       0 |   66466 |   0.0 |       0 |     105 |   0.0 |  1585
      Vaults:2 |       0 |   47553 |   0.0 |       0 |      75 |   0.0 |  1622
      Vaults:3 |       0 |   51487 |   0.0 |       0 |      68 |   0.0 |  1258
      Vaults:4 |       0 |   53077 |   0.0 |       0 |      67 |   0.0 |  1646
      Vaults:5 |       0 |  137754 |   0.0 |       0 |     134 |   0.0 |  1437
      Depths:1 |       0 |   27885 |   0.0 |       0 |      36 |   0.0 |  1715
      Depths:2 |       0 |   65813 |   0.0 |       0 |      79 |   0.0 |  1610
      Depths:3 |       0 |   71136 |   0.0 |       0 |      60 |   0.0 |  1055
      Depths:4 |       0 |   40677 |   0.0 |       0 |      54 |   0.0 |   952
      Depths:5 |       0 |   93702 |   0.0 |       0 |      80 |   0.0 |  1501
         Zot:1 |       0 |   59927 |   0.0 |       0 |      45 |   0.0 |   374
         Zot:2 |       0 |   87626 |   0.0 |       0 |      45 |   0.0 |  1117
         Zot:3 |       0 |    7066 |   0.0 |       0 |       3 |   0.0 |   149
         Zot:4 |       0 |    6178 |   0.0 |       0 |       4 |   0.0 |    84
         Zot:5 |       0 |  215153 |   0.0 |       0 |      67 |   0.0 |  1375
           Lab |       0 |    1137 |   0.0 |       0 |       3 |   0.0 |   646
               +---------+---------+-------+---------+---------+-------+---------
